[Event "MČR v rapid šachu družstev 2019"]
[Site "Teplice, Czech Republic"]
[Date "2019.09.15"]
[Round "6.18"]
[White "Ruzicka, Ales"]
[Black "Zeman, Matyas"]
[Result "1/2-1/2"]
[TimeControl "15 min. + 5s"]
[WhiteElo "2119"]
[BlackElo "2247"]

1. e4 g6 2. d4 Bg7 3.
Nc3 c6 4. Be3 d5 5. Qd2 dxe4 6. Nxe4 Nf6 7. Nxf6+ exf6 8. Nf3 Bg4 9. Be2 Nd7 10. O-O O-O 11. h3 Bxf3 12. Bxf3 Nb6 13.
b3 Re8 14. Rad1 Nd5 15. Rfe1 f5 16. c4 Nxe3 17. Rxe3 Qd6 18. Rxe8+ Rxe8 19. d5 c5 20. Re1 Rxe1+ 21. Qxe1 Bd4 22.
Bd1 Kg7 23. Qe2 h5 24. Qd3 Kf8 25. Qe2 a6 26. a4 b6 27. Bc2 Qf4 28. Bd1 Be5 29. g3 Qd4 30. Kg2 h4 31. Qf3 hxg3 32. fxg3 f4 33. gxf4 Bxf4 34. Be2 Bd6 35. Bd3 Qe5 36.
Be2 f5 37. Bd3 Kg7 38. Be2 Kf6 39. Bd3 Qh2+ 40. Kf1 Be5 41. Be2 Bd4 42. Qg2 Qf4+ 43. Qf3 Qc1+ 44. Bd1 Be5 45. Qd3 Ke7 46. Qf3 Kd6 47. Kg2 Qg5+ 48. Kf1 Bd4 49.
Qg2 Qf4+ 50. Qf3 Qh4 51. Kg2 f4 52. Bc2 g5 53. Bf5 Qe1 54. Qf1 Qg3+ 1/2-1/2

[Event "MČR v rapid šachu družstev 2019"]
[Site "Teplice, Czech Republic"]
[Date "2019.09.15"]
[Round "6.19"]
[White "Svanda, Ondrej"]
[Black "Meszaros, Ludek"]
[Result "1-0"]
[TimeControl "15 min. + 5s"]
[WhiteElo "1920"]
[BlackElo "2059"]

1. e4 e5 2. Nf3 Nc6 3. Bb5 a6 4. Ba4 Nf6 5. O-O Be7 6. d3 d6 7. c3 O-O 8. Nbd2 Re8 9.
Re1 Bf8 10. Nf1 h6 11. h3 Bd7 12. Ng3 g6 13. d4 Bg7 14. d5 Nb8 15. Bc2 a5 16. Be3 Na6 17. Qd2 Kh7 18. b3 Qe7 19.
Red1 Red8 20. c4 Nb4 21. Bb1 Be8 22. a3 Na6 23. Qxa5 Rdb8 24. Qc3 b5 25. Bd3 c5 26. dxc6 Bxc6 27.
cxb5 Bxb5 28. Bxb5 Rxb5 29. Qd3 Nc7 30. Qxd6 Qxd6 31. Rxd6 Rxb3 32. a4 Rb4 33. a5 Nxe4 34.
Nxe4 Rxe4 35. Nd2 Rb4 36. Rd7 Ne6 37. Rxf7 Kg8 38. Rd7 Ra6 39. Rd5 Nc7 40. Rd8+ Kh7 41. Rc1 Ne6 42. Rd5 Ra4 43.
Bb6 Nf4 44. Rdc5 Ne2+ 45. Kh2 Nxc1 46. Rxc1 h5 47. Rc7 g5 48. Nb3 Ra8 49. Nc5 Rc4 50. Rb7 Kg8 51. Ne6 Bf6 52.
Nc7 Rc8 53. Nd5 Bd8 54. a6 R4c6 55. Bxd8 Rxa6 56. Ne7+ Kf8 57. Nxc8 Ra8 58. Be7+ Kf7 59. Nb6 Ra2 60. Bxg5+ Rxf2 1-0

[Event "MČR v rapid šachu družstev 2019"]
[Site "Teplice, Czech Republic"]
[Date "2019.09.15"]
[Round "6.21"]
[White "Liska, Jiri"]
[Black "Babicka, Michal"]
[Result "1-0"]
[TimeControl "15 min. + 5s"]
[WhiteElo "2213"]
[BlackElo "2010"]

1. e4 c5 2. Nf3 d6 3.
c3 Nf6 4. Be2 g6 5. O-O Bg7 6. Bb5+ Bd7 7. Bxd7+ Qxd7 8. Re1 Nc6 9. d4 cxd4 10. cxd4 O-O 11. Nc3 Rfd8 12. h3 a6 13.
Bg5 b5 14. Rc1 d5 15. Bxf6 exf6 16. Nxd5 Ra7 17. Qc2 f5 18. Qxc6 Qxc6 19. Rxc6 fxe4 20. Rxe4 f5 21. Re7 Rxe7 22. Nxe7+ Kf8 23. Nc8 Bxd4 24. Nxd4 Rxd4 25. Rxa6 Rd1+ 26. Kh2 Rd2 27. b3 Rxf2 28. a4 bxa4 29. bxa4 Kg7 30.
Nd6 f4 31. Ne4 Re2 32. Ng5 h6 33. Nf3 g5 34. Ra5 Kg6 35. Re5 Ra2 36. a5 Kf6 37. Rb5 Kg6 38. Rb6+ Kh5 39. a6 Ra5 40.
Nd4 g4 41. hxg4+ Kxg4 42. Nc6 Ra2 43. Nb4 Ra4 44. Rb7 h5 45. a7 Ra3 46. Nc6 Ra2 47. Rb8 f3 48. a8=Q Rxg2+ 49. Kh1 Kh3 50.
Rf8 Rg3 51. Qc8+ 1-0

[Event "MČR v rapid šachu družstev 2019"]
[Site "Teplice, Czech Republic"]
[Date "2019.09.15"]
[Round "6.22"]
[White "Vales, Vaclav"]
[Black "Vltavsky, Vladimir"]
[Result "1-0"]
[TimeControl "15 min. + 5s"]
[WhiteElo "2110"]
[BlackElo "2146"]

1. d4 Nf6 2. Nf3 e6 3. c4 Bb4+ 4. Bd2 Qe7 5. g3 Ne4 6. Bg2 Bxd2+ 7. Nfxd2 Nxd2 8. Qxd2 d6 9.
O-O O-O 10. Nc3 c6 11. b4 d5 12. c5 f5 13. a4 Nd7 14. b5 Nf6 15. Na2 e5 16. e3 Ne4 17. Bxe4 fxe4 18. dxe5 Qxe5 19.
Qd4 Qh5 20. Nb4 Bh3 21. f4 Bxf1 22. Rxf1 Rf6 23. a5 a6 24. b6 Qf7 25. Nc2 h5 26. Qe5 Re8 27. Qc3 Rg6 28. Nd4 h4 29.
f5 Rg4 30. Kg2 Qf6 31. Kh3 Rg5 32. g4 g6 33. Qe1 gxf5 34. Nxf5 Qh8 35. Qxh4 Qxh4+ 36. Kxh4 Rg6 37. g5 Rge6 38.
Nd4 R6e7 39. Kg4 Rg7 40. h4 Re5 41. Rf6 Kh7 42. Nf5 Rd7 43. g6+ Kg8 44. h5 d4 45. exd4 Rxf5 46. Kxf5 e3 47.
Re6 Kg7 48. Rxe3 Rd5+ 49. Re5 Rxd4 50. Re7+ Kf8 51. Rxb7 1-0

[Event "MČR v rapid šachu družstev 2019"]
[Site "Teplice, Czech Republic"]
[Date "2019.09.15"]
[Round "6.23"]
[White "Marsalek, Zdenek"]
[Black "Janda, Zdenek"]
[Result "1/2-1/2"]
[TimeControl "15 min. + 5s"]
[WhiteElo "2278"]
[BlackElo "2008"]

1. d4 c5 2. dxc5 Na6 3. e4 Nxc5 4. Nc3 d6 5. Be3 b6 6. Nf3 Bb7 7. Bb5+ Nd7 8. e5 a6 9. Bxd7+ Qxd7 10.
exd6 Qxd6 11. Qxd6 exd6 12. O-O-O b5 13. Nd5 O-O-O 14. Ng5 Nh6 15. h3 Bxd5 16. Rxd5 Be7 17. Ne4 f5 18. Bxh6 fxe4 19.
Bf4 Rhf8 20. Be3 Kc7 21. a4 Kc6 22. Rhd1 g6 23. g3 Rf5 24. axb5+ axb5 25. R5d4 d5 26. c3 Bc5 27. Rxe4 dxe4 28. Rxd8 Bxe3+ 29. fxe3 Rf3 30.
Rh8 Rxe3 1/2-1/2

[Event "MČR v rapid šachu družstev 2019"]
[Site "Teplice, Czech Republic"]
[Date "2019.09.15"]
[Round "6.24"]
[White "Havranek, Tomas"]
[Black "Duran, Tomas"]
[Result "1-0"]
[TimeControl "15 min. + 5s"]
[WhiteElo "2023"]
[BlackElo "2135"]

1. e4 d6 2. d4 Nf6 3. Nc3 e5 4. Nf3 Nbd7 5. h3 Be7 6. Be3 c6 7. g4 g6 8. Bh6 Bf8 9. Qd2 Bxh6 10. Qxh6 Ng8 11.
Qd2 Qf6 12. Bg2 h5 13. O-O-O Nb6 14. dxe5 dxe5 15. Nxe5 Be6 16. f4 g5 17. Nd3 gxf4 18. e5 Qh6 19. Ne4 Nc4 20. Qxf4 hxg4 21. Ng5 gxh3 22. Rxh3 Qg7 23.
Rxh8 Qxh8 24. Nxe6 Qh6 1-0

[Event "MČR v rapid šachu družstev 2019"]
[Site "Teplice, Czech Republic"]
[Date "2019.09.15"]
[Round "6.25"]
[White "Bujak, Michal"]
[Black "Rubes, Jan"]
[Result "1/2-1/2"]
[TimeControl "15 min. + 5s"]
[WhiteElo "2170"]
[BlackElo "2345"]

1. e4 c5 2. Nf3 Nc6 3.
d4 cxd4 4. Nxd4 e5 5. Nb5 d6 6. a4 a6 7.
N5a3 Be7 8. Nc3 Nf6 9. Bg5 O-O 10. Bxf6 Bxf6 11. Bc4 Bg5 12. Nd5 Be6 13. c3 Rc8 14. O-O Kh8 15. Qe2 f5 16.
Nb6 Qxb6 17. Bxe6 Rce8 18. Nc4 Qc7 19. exf5 Nd8 20. Qg4 Nxe6 21. fxe6 Rf4 22. Qxg5 Qxc4 23. e7 Rf6 24. Rad1 Qc6 25.
g3 Rxe7 26. f4 h6 27. Qh4 e4 28. Rfe1 e3 29. Rd4 Qf3 30. Rf1 Qe2 31. Rxd6 g5 32. Rd8+ Kh7 33. Qh3 gxf4 34. Qc8 h5 35.
Rh8+ Kg6 36. Qg8+ Rg7 37. Qe8+ Rgf7 38. Qg8+ Rg7 39. Qe8+ Rgf7 40. Qe4+ Rf5 41. Rxf4 Qd1+ 42. Kg2 e2 1/2-1/2

[Event "MČR v rapid šachu družstev 2019"]
[Site "Teplice, Czech Republic"]
[Date "2019.09.15"]
[Round "6.27"]
[White "Kupka, Frantisek"]
[Black "Kral, David"]
[Result "1-0"]
[TimeControl "15 min. + 5s"]
[WhiteElo "2061"]
[BlackElo "2029"]

1. e4 c5 2. Nf3 Nc6 3. Bb5 e5 4. d3 d6 5. Bxc6+ bxc6 6. h3 f5 7. exf5 Bxf5 8. O-O Nf6 9. Nh4 Be6 10. f4 exf4 11. Re1 Kd7 12. Bxf4 Nd5 13.
Bg3 g5 14. Nf3 Qf6 15. c3 h5 16. Nbd2 h4 17. Ne4 Qg6 18. Nxc5+ Kc8 19. Rxe6 Qg8 20. Qa4 Kc7 21. Qa5+ Nb6 22. Qa6 Kd8 23. Qb7 hxg3 24.
Rae1 Qf7 25. Qxf7 1-0

[Event "MČR v rapid šachu družstev 2019"]
[Site "Teplice, Czech Republic"]
[Date "2019.09.15"]
[Round "6.28"]
[White "Kudrlicka, Ladislav"]
[Black "Janocko, Petr"]
[Result "0-1"]
[TimeControl "15 min. + 5s"]
[WhiteElo "2033"]
[BlackElo "2071"]

1. d4 Nf6 2. Nf3 c6 3. c4 d5 4. Nc3 g6 5. Qb3 Bg7 6. cxd5 Nxd5 7. Nxd5 Qxd5 8. Qxd5 cxd5 9. Bf4 Nc6 10. e3 O-O 11. Be2 Bf5 12.
Rc1 Rac8 13. Kd2 Rfe8 14. Rc5 e6 15. Rhc1 Bf8 16. Rb5 Na5 17. a3 Rxc1 18. Kxc1 Rc8+ 19. Kd1 b6 20. Ne1 Bb1 21.
Bd3 Ba2 22. f3 Be7 23. h3 Bb3+ 24. Ke2 Ba4 25. Rxa5 bxa5 26. e4 Bb3 27. Bd2 a4 28. g3 Kg7 29. Ke3 Bd6 30. Kf2 h5 31.
h4 f6 32. Ba6 Rc6 33. Bb5 Rb6 34. Bd7 dxe4 35. fxe4 Kf7 36. Bc3 Rb7 37. Bc6 Rc7 38. d5 exd5 39. exd5 Re7 40. Nf3 Bd1 41.
Nd4 Bc5 42. Kf1 Re3 43. Nb5 a6 44. Nc7 Re7 45. Ne6 Bd6 46. Nd8+ Kg7 47. Nb7 Bxg3 48. d6 Rxb7 49. Bxb7 Bxd6 50.
Bxa6 Bg3 51. Be1 Be5 52. Bc3 Bg3 53. Be1 Bf4 54. Bb5 Bc1 55. Bc3 Kh6 56. Kf2 g5 57. Bxf6 gxh4 58. Kg2 Bg5 59. Bc3 Bb3 60. Kh3 Be7 61.
Bd2+ Kg6 62. Bd3+ Kf7 63. Bf5 Be6 64. Bxe6+ Kxe6 65. Bc3 Kd5 66. Bg7 Kc4 67. Be5 Kb3 68. Kg2 Bg5 69. Kh3 Kc2 70. Bg7 Kb3 71. Be5 Kc4 72.
Bg7 Kd5 73. Bh8 Ke6 74. Bc3 Bf6 75. Kh2 Bxc3 76. bxc3 Kd5 77. Kh3 Kc4 78. Kxh4 Kxc3 79. Kxh5 Kb3 80. Kg4 Kxa3 0-1

[Event "MČR v rapid šachu družstev 2019"]
[Site "Teplice, Czech Republic"]
[Date "2019.09.15"]
[Round "7.1"]
[White "Kourousis, Epaminondas"]
[Black "Stocek, Jiri"]
[Result "0-1"]
[TimeControl "15 min. + 5s"]
[WhiteElo "2388"]
[BlackElo "2507"]

1. Nf3 Nf6 2. g3 d5 3. Bg2 Bf5 4. c4 c6 5. Qb3 Qb6 6. cxd5 Qxb3 7. axb3 Nxd5 8. d3 Nb4 9. O-O Nd7 10.
Nbd2 e5 11. Nc4 f6 12. Be3 a6 13. Rfc1 O-O-O 14. Na5 Be6 15. Nd2 Kb8 16. Ndc4 Rc8 17. Bd2 Be7 18. Nxb7 Kxb7 19. Na5+ Kb6 20.
Bxb4 Bxb4 21. Nxc6 Bd6 22. b4 Nb8 23. Na5 Bxb4 0-1

[Event "MČR v rapid šachu družstev 2019"]
[Site "Teplice, Czech Republic"]
[Date "2019.09.15"]
[Round "7.2"]
[White "Kociscak, Jiri"]
[Black "Burdalev, Kirill"]
[Result "1/2-1/2"]
[TimeControl "15 min. + 5s"]
[WhiteElo "2410"]
[BlackElo "2336"]

1. d4 d5 2. c4 c6 3. Nc3 Nf6 4. e3 a6 5. Nf3 Bf5 6. Qb3 Ra7 7. a4 e6 8. a5 Nbd7 9. Be2 h6 10. O-O Bd6 11. Bd2 O-O 12. Na4 Bc7 13.
Bb4 Re8 14. Nc5 Ne4 15. Nxd7 Qxd7 16.
Ne5 Qc8 17. f3 Nf6 18. Bd3 Bxd3 19. Qxd3 Qb8 20. Bc3 Ra8 21. e4 c5 22. exd5 cxd4 23. Qxd4 Bxe5 24. Qxe5 Qxe5 25. Bxe5 exd5 26.
Bxf6 gxf6 27. cxd5 Rad8 28. Rfd1 Re5 29. d6 Re6 30. Ra4 Rexd6 31. Rxd6 Rxd6 32. Rg4+ Kf8 33. b4 Rd2 34. h3 f5 35. Rf4 Rb2 36. Kh2 Kg7 37. Kg3 Kg6 38. Rd4 f6 39. Kf4 Rxg2 40.
Rd7 Rh2 41. Kg3 Rh1 42. Rxb7 f4+ 43.
Kxf4 Rxh3 44. Ke4 Rh1 45.
Rb6 Rb1 46. Kd3 h5 47. Kc2 Rf1 48. Rxa6 h4 49.
Ra8 Kg7 50. Ra7+ Kg6 51. Ra8 Kg7 52.
Re8 Rf2+ 53. Kd3 h3 54. Re1 Rxf3+ 55. Kc4 Ra3 56. Kb5 f5 57.
a6 f4 58. Rh1 Kf6 59. Kb6 Kg5 60. a7 Kg4 61. Kb7 Kg3 62.
a8=Q Rxa8 63. Kxa8 f3 64. b5 Kg2 65. Rb1 f2 66. b6 f1=Q 67. Rxf1 Kxf1 68. b7 h2 69. b8=Q h1=Q+ 70. Qb7 1/2-1/2

[Event "MČR v rapid šachu družstev 2019"]
[Site "Teplice, Czech Republic"]
[Date "2019.09.15"]
[Round "7.3"]
[White "Pribyl, Josef"]
[Black "Polak, Tomas"]
[Result "0-1"]
[TimeControl "15 min. + 5s"]
[WhiteElo "2285"]
[BlackElo "2515"]

1. d4 Nf6 2. Nf3 b6 3. g3 Bb7 4. Bg2 e6 5. O-O Be7 6. c4 O-O 7. Nc3 d5 8. Ne5 Qc8 9. Qa4 dxc4 10. Bxb7 Qxb7 11. Qxc4 Rc8 12. Bg5 c5 13. Rad1 h6 14.
Be3 Nd5 15. Nxd5 exd5 16. Qd3 c4 17. Qf5 Rf8 18. b3 b5 19. bxc4 bxc4 20. Rb1 Qc8 21. Qxc8 Rxc8 22. Rb7 Kf8 23.
Rfb1 Na6 24. Rd7 Rd8 25. Rbb7 Rxd7 26. Rxd7 Nb4 27. a3 Nc2 28. Rxd5 Nxe3 29. fxe3 c3 30. Rd7 Rc8 31. Nd3 c2 32.
Rxa7 Bg5 33. Kf2 Rc3 34. Ra8+ Ke7 35. Ra7+ Kd8 36. Ra5 Bxe3+ 37. Kg2 Rxd3 38. Rc5 Rd2 39. Kf3 Bxd4 40. Rc4 Bb2 0-1

[Event "MČR v rapid šachu družstev 2019"]
[Site "Teplice, Czech Republic"]
[Date "2019.09.15"]
[Round "7.4"]
[White "Vymazal, Bronislav"]
[Black "Benes, Petr"]
[Result "1-0"]
[TimeControl "15 min. + 5s"]
[WhiteElo "2347"]
[BlackElo "2147"]

1. e4 Nc6 2. Nf3 d6 3. d4 Nf6 4. Bd3 e5 5. c3 Be7 6. O-O O-O 7. h3 Re8 8. d5 Nb8 9. c4 Nbd7 10.
Nc3 Nc5 11. Bc2 a5 12. Be3 b6 13. a3 Bf8 14. b4 Ncd7 15. Ba4 Ba6 16. Nd2 Re7 17. Bc6 Rb8 18. Qa4 axb4 19. axb4 Bb7 20.
Qa7 Qc8 21. Nb5 Ne8 22. Bxb7 Rxb7 23. Qa8 Rb8 24. Qa6 Qxa6 25. Rxa6 Rb7 26. Rfa1 Nb8 27. Ra7 c5 28. Rxb7 Rxb7 29.
bxc5 bxc5 30. Ra8 f6 31. Nb3 Kf7 32. Na5 Rb6 33. Ra7+ Be7 34. Bd2 Kf8 35. Nb3 Nc7 36. Rxc7 Na6 37.
Rc8+ Kf7 38. Na5 Nb4 39. Nc6 Nxc6 40.
dxc6 Ke6 41. Ba5 Ra6 42. Nc7+ Kf7 43. Nb5 Rb6 1-0

[Event "MČR v rapid šachu družstev 2019"]
[Site "Teplice, Czech Republic"]
[Date "2019.09.15"]
[Round "7.5"]
[White "Krejci, Jan"]
[Black "Bernasek, Jan"]
[Result "1/2-1/2"]
[TimeControl "15 min. + 5s"]
[WhiteElo "2496"]
[BlackElo "2496"]

1. d4 Nf6 2. Nf3 e6 3. c4 b6 4.
g3 Ba6 5. Qa4 Bb7 6. Bg2 c5 7. O-O Be7 8. Nc3 Qc8 9. dxc5 bxc5 10. Bf4 Bc6 11. Qc2 O-O 12. Rad1 Na6 13. a3 Rd8 14.
Bd6 Bxd6 15. Rxd6 Rb8 16. Rfd1 Qb7 17. Bf1 Ne8 18. R6d2 d6 19. Ng5 g6 20. Nge4 d5 21. cxd5 exd5 22.
Bg2 Rd7 23. Ng5 Rbd8 24. Na4 Qb5 25. b3 c4 26. Nc3 Qxb3 27. Qxb3 cxb3 28. Nxd5 h6 29. Nh3 b2 30. e4 Rb8 31.
Rb1 Nac7 32. Rdxb2 Rxb2 33. Rxb2 Nxd5 34. exd5 Bxd5 1/2-1/2

[Event "MČR v rapid šachu družstev 2019"]
[Site "Teplice, Czech Republic"]
[Date "2019.09.15"]
[Round "7.6"]
[White "Cernousek, Lukas"]
[Black "Sorm, Daniel"]
[Result "1-0"]
[TimeControl "15 min. + 5s"]
[WhiteElo "2478"]
[BlackElo "2313"]

1. Nf3 d5 2. e3 c6 3. c4 e6 4. b3 Bd6 5. d4 f5 6. Bd3 Nf6 7. O-O Qe7 8. Bb2 O-O 9. Nc3 Ne4 10. Ne2 b6 11. Ne5 Bb7 12.
Rc1 c5 13. Nf4 Nd7 14. Nxd7 Qxd7 15. cxd5 exd5 16. Nh5 Rf7 17. dxc5 bxc5 18. Bxe4 dxe4 19. Bxg7 Qc7 20. Bd4 Ba6 21.
Nf6+ Kf8 22. Qh5 Bxf1 23. Qh6+ Rg7 24. Nxh7+ Kg8 25. Nf6+ Kf7 26. Nd5 cxd4 27. Nxc7 Bxg2 28. Qxg7+ Kxg7 29. Nxa8 Bf3 30. exd4 Bf4 31.
Rc8 Bg4 32. Nc7 e3 33. Ne6+ Kf6 34. Nxf4 e2 35. Nxe2 1-0

[Event "MČR v rapid šachu družstev 2019"]
[Site "Teplice, Czech Republic"]
[Date "2019.09.15"]
[Round "7.7"]
[White "Strasil, Pavel"]
[Black "Vrbata, Zbynek"]
[Result "0-1"]
[TimeControl "15 min. + 5s"]
[WhiteElo "2097"]
[BlackElo "2376"]

1. Nf3 Nf6 2. c4 g6 3. b3 Bg7 4. Bb2 O-O 5. g3 b6 6. Bg2 Bb7 7. O-O c5 8. Nc3 Nc6 9. d4 Nxd4 10. Nxd4 Bxg2 11. Kxg2 cxd4 12.
Qxd4 Qc8 13. Qd3 Qb7+ 14. f3 Rad8 15. e4 d6 16. Qd2 Rc8 17. Rac1 Rfd8 18. Nd5 Nxd5 19. Bxg7 Nf4+ 20. Qxf4 Kxg7 21.
Qg5 Rc5 22. Qd2 Rdc8 23. a4 Kg8 24. h4 a6 25. Rc2 b5 26. axb5 axb5 27. Rfc1 bxc4 28. bxc4 Qa6 29. Ra2 Qb7 30.
Rac2 Ra8 31. Qd4 Ra4 32. Rb2 Qc8 33. Rbc2 Ra3 34. Rc3 Ra2+ 35. R3c2 Rxc4 36. Rxa2 Rxc1 37. Qd2 Qc4 38. Qe2 Qd4 39.
Qf2 Qd1 40. Kh3 Qh1+ 41. Kg4 h5+ 42. Kf4 Rc5 43. Qd2 Kh7 44. Ra7 e5+ 45. Kg5 Kg7 46. Rxf7+ Kxf7 47. Qa2+ Ke7 48. Qa7+ Kd8 49.
Qb8+ Kd7 50. Qb7+ Rc7 51. Qb5+ Ke7 52. Qb8 Rd7 53. Qb3 Qg2 54. g4 hxg4 55. fxg4 Qxe4 56. Qg8 Qf4+ 0-1

[Event "MČR v rapid šachu družstev 2019"]
[Site "Teplice, Czech Republic"]
[Date "2019.09.15"]
[Round "7.8"]
[White "Kuba, Jindrich"]
[Black "Krejci, Jan"]
[Result "1/2-1/2"]
[TimeControl "15 min. + 5s"]
[WhiteElo "2229"]
[BlackElo "2496"]

1. e4 e5 2. Nf3 Nf6 3. d3 Nc6 4.
Bg5 h6 5. Be3 d5 6. exd5 Nxd5 7. Bd2 Bc5 8. Nc3 O-O 9. Nxd5 Qxd5 10. Be2 Nd4 11. Nxd4 Qxd4 12. O-O Qxb2 13. a4 b6 14.
Bf3 Rb8 15. Bd5 Qd4 16. Bb3 a5 17. Qh5 Bd6 18. h3 e4 19. Be3 Qe5 20. Qxe5 Bxe5 21. d4 Bd6 22. Bd5 Bb7 23. Bb3 Rfe8 24. c4 c5 25. d5 Rbd8 26.
Rab1 Bc7 27. g4 Ba6 28. Rfe1 Kh7 29. Kf1 g6 30. Ke2 Rxd5 31. Red1 Red8 32. Rxd5 Rxd5 33. Ke1 Rd8 34. Rc1 f5 35.
gxf5 gxf5 36. Bc2 Kg6 37. f3 exf3 38. Kf2 Kf6 39. Kxf3 Bxc4 40. Bxf5 Bd5+ 41. Be4 Bxe4+ 42. Kxe4 Re8+ 43. Kf3 h5 44. Re1 Kf5 45.
Rg1 Kf6 46. Re1 Rg8 47. Bf2 Be5 48. Rb1 Rd8 49. Rxb6+ Kf5 50. Bxc5 Rd3+ 51. Ke2 Rxh3 52. Rb5 Ke4 53. Bf2 Rh2 54. Kf1 Bc3 55. Rb3 Bb4 56. Re3+ Kf4 57.
Rd3 Ke4 58. Re3+ Kf4 59. Rd3 Rh1+ 60. Kg2 Ra1 61. Rd4+ Kf5 62. Rd5+ Kg6 63. Be3 h4 64. Rg5+ Kf6 65. Rh5 Ra2+ 66. Kg1 Rxa4 67. Rxh4 Ra2 68.
Re4 Kf5 69. Re8 Re2 70. Kf1 Re1+ 71. Kf2 a4 72. Ra8 a3 73. Ra4 Rb1 74. Kf3 Rb3 75. Ke2 Rb2+ 76. Kd3 Be7 77. Bd4 Rh2 78.
Ra7 Ke6 79. Kc4 Rh3 80. Bc3 Bd6 1/2-1/2

[Event "MČR v rapid šachu družstev 2019"]
[Site "Teplice, Czech Republic"]
[Date "2019.09.15"]
[Round "7.9"]
[White "Jirovsky, Milos"]
[Black "Vykouk, Jan"]
[Result "1/2-1/2"]
[TimeControl "15 min. + 5s"]
[WhiteElo "2477"]
[BlackElo "2428"]

1. Nf3 Nf6 2. c4 g6 3. g3 Bg7 4.
Bg2 O-O 5. O-O d6 6. d4 c6 7.
Nc3 a6 8. a4 a5 9. h3 Na6 10. e4 Nb4 11. Be3 Nd7 12. Nd2 e5 13. d5 c5 14. h4 f5 15. Bg5 Bf6 16. Bh6 Bg7 17.
Bg5 Nf6 18. h5 h6 19. Bxf6 Qxf6 20. hxg6 f4 21. Qh5 Nc2 22. Rad1 Nd4 23. Nf3 Bd7 24. Rd3 Be8 25. Nh4 Qg5 26.
g4 Bf6 27. Qxg5 Bxg5 28. Nf5 Bxg6 29. Rh3 Rf6 30. Bf3 Nxf3+ 31. Rxf3 h5 32. gxh5 Bxh5 33. Rd3 Rg6 34. f3 Bh4+ 35. Kh2 Bg3+ 36. Nxg3 Rxg3 37.
Rg1 Rxg1 38. Kxg1 Kf7 39. Kf2 Rg8 40. Ne2 Ke7 41. Rb3 Rb8 42. Ra3 Be8 43. Ra1 Bd7 44. b3 Rh8 45. Rg1 1/2-1/2

[Event "MČR v rapid šachu družstev 2019"]
[Site "Teplice, Czech Republic"]
[Date "2019.09.15"]
[Round "7.10"]
[White "Studnicka, Tomas"]
[Black "Sokolov, Alexander"]
[Result "1/2-1/2"]
[TimeControl "15 min. + 5s"]
[WhiteElo "2379"]
[BlackElo "2384"]

1. d4 Nf6 2. c4 g6 3. Nc3 Bg7 4. e4 d6 5. Be2 O-O 6. Bg5 c5 7. d5 h6 8. Bf4 e6 9. Nf3 exd5 10.
exd5 Bg4 11. O-O a6 12. h3 Bxf3 13. Bxf3 Qc7 14. Qd2 Kh7 15. Rfe1 Nbd7 16. Re7 Ng8 17. Re2 Ne5 18. Bxe5 Bxe5 19.
Rc1 1/2-1/2

[Event "MČR v rapid šachu družstev 2019"]
[Site "Teplice, Czech Republic"]
[Date "2019.09.15"]
[Round "7.11"]
[White "Dolezal, Radoslav"]
[Black "Sodoma, Jan"]
[Result "1-0"]
[TimeControl "15 min. + 5s"]
[WhiteElo "2363"]
[BlackElo "2358"]

1. d4 Nf6 2. Bg5 d5 3. Bxf6 exf6 4. e3 c6 5. c4 Qb6 6. Qd2 Be6 7. cxd5 cxd5 8. Nc3 Nc6 9. Bb5 Bb4 10.
Nge2 Rc8 11. a3 Bd6 12. O-O O-O 13. Bxc6 Rxc6 14. f4 f5 15. Rfc1 Rfc8 16. Nd1 h6 17. Rxc6 Rxc6 18. Rc1 g5 19.
Rxc6 bxc6 20. g3 f6 21. Kf2 Bc8 22. Qc2 Kg7 23. Ndc3 Qa6 24. Na4 h5 25. h4 Kg6 26. Nc1 Qb5 27.
Qb3 Bd7 28. Qxb5 cxb5 29. Nc5 Bc6 30.
N1b3 gxh4 31. gxh4 Bc7 32. Na6 Bb6 33. Ke2 Kf7 34. Kd3 Ke7 35. Kc3 Bb7 36. Nac5 Bc8 37. Kb4 a6 38. Na5 Kd6 39. Nd3 Bd8 40. Nc1 Be7 41.
Ne2 Kc7+ 42. Kc3 b4+ 43. axb4 Kb6 44. Nb3 Kb5 45. Nc5 1-0

[Event "MČR v rapid šachu družstev 2019"]
[Site "Teplice, Czech Republic"]
[Date "2019.09.15"]
[Round "7.12"]
[White "Cech, Pavel"]
[Black "Postupa, Pavel"]
[Result "1-0"]
[TimeControl "15 min. + 5s"]
[WhiteElo "2394"]
[BlackElo "2203"]

1. d4 Nf6 2. c4 g6 3. Nc3 d5 4. cxd5 Nxd5 5. e4 Nxc3 6. bxc3 Bg7 7. Nf3 c5 8. Rb1 O-O 9. Be2 cxd4 10. cxd4 Qa5+ 11. Bd2 Qxa2 12.
O-O Bg4 13. Rxb7 Nc6 14. d5 Bxf3 15. Bxf3 Rfd8 16. dxc6 Rxd2 17. Qb1 Qe6 18. Rb8+ Rd8 19. c7 Rc8 20. Qb7 1-0

[Event "MČR v rapid šachu družstev 2019"]
[Site "Teplice, Czech Republic"]
[Date "2019.09.15"]
[Round "7.13"]
[White "Babicka, Michal"]
[Black "Zeman, Matyas"]
[Result "0-1"]
[TimeControl "15 min. + 5s"]
[WhiteElo "2010"]
[BlackElo "2247"]

1. e4 g6 2. d4 Bg7 3. Nf3 c6 4. Nc3 d5 5. e5 Bg4 6. Be2 Nd7 7. O-O Bxf3 8. Bxf3 e6 9. Be3 Ne7 10. h4 h5 11. Bg5 Qc7 12. Ne2 Nf5 13. Rc1 Bh6 14.
c4 dxc4 15. Rxc4 Bxg5 16. hxg5 Nb6 17. Rc2 Rd8 18. Rd2 Qe7 19. Nc3 Qxg5 20. Ne4 Qe7 21. Nf6+ Kf8 22. Be4 Nc4 23. Rc2 Nxe5 24. dxe5 Rxd1 25.
Rxd1 Kg7 26. Rd7 Qb4 27. a3 Qa5 28.
f4 Qe1+ 29. Kh2 Qh4+ 30. Kg1 Qxf4 31. Bxf5 Qxe5 32. Bd3 Qe1+ 33.
Bf1 Kxf6 34. Rf2+ Kg5 35. Rdxf7 Rd8 36. Re2 Qc1 37. Re5+ Kh6 38. Rxe6 Qc5+ 39. Kh2 Rd6 40. Ree7 Rd4 41.
g3 Rd2+ 42. Bg2 Qd5 0-1

[Event "MČR v rapid šachu družstev 2019"]
[Site "Teplice, Czech Republic"]
[Date "2019.09.15"]
[Round "7.14"]
[White "Svanda, Ondrej"]
[Black "Vales, Vaclav"]
[Result "1-0"]
[TimeControl "15 min. + 5s"]
[WhiteElo "1920"]
[BlackElo "2110"]

1. e4 c5 2. Nf3 Nc6 3. Nc3 e5 4. Bc4 Be7 5. d3 d6 6. Nd2 Bg5 7. Nf1 h6 8. Ne3 Nge7 9.
O-O O-O 10. Ned5 Bxc1 11. Rxc1 Nxd5 12. Nxd5 Na5 13. Qd2 Rb8 14. a4 a6 15. Ba2 b5 16. axb5 Rxb5 17. Rb1 Nc6 18. c3 Be6 19.
Bc4 Ra5 20. b4 cxb4 21. cxb4 Rb5 22. Bxb5 axb5 23. Nc3 Qb6 24. Qe3 Qb7 25. f4 exf4 26. Rxf4 Ra8 27. Ne2 Ra3 28. Nc1 Ne5 29. Qd4 Qc6 30.
Rf1 Qc2 31. Rb2 Qc7 32. h3 Rc3 33. Rb1 Bxh3 34. gxh3 Rxc1 35. Rbxc1 Qxc1 36. Rxc1 Nf3+ 37. Kf2 Nxd4 38. Ke3 Ne6 39. Rc8+ Kh7 40. Rb8 g5 41. Rxb5 Kg6 42. Rd5 h5 43. b5 1-0

[Event "MČR v rapid šachu družstev 2019"]
[Site "Teplice, Czech Republic"]
[Date "2019.09.15"]
[Round "7.15"]
[White "Janda, Zdenek"]
[Black "Skacelik, Petr"]
[Result "1-0"]
[TimeControl "15 min. + 5s"]
[WhiteElo "2008"]
[BlackElo "2096"]

1. d4 Nf6 2. c4 g6 3. Nc3 Bg7 4. e4 d6 5. Nf3 O-O 6. h3 Nbd7 7. Be3 e5 8. d5 Nh5 9. Nh2 b6 10. Be2 Nf4 11. Bf3 a5 12. g3 Nxh3 13. Ng4 Ng5 14. Bg2 h5 15. Qd2 f6 16. Nh2 Nc5 17. f4 Nf7 18. O-O-O Bd7 19. Bf3 Re8 20. f5 gxf5 21. Bxh5 Nxe4 22. Nxe4 fxe4 23. Bg6 f5 24. Qe2 Qf6 25. Qh5 Kf8 26. Ng4 Qe7 27. Nh6 Nxh6 28. Bxh6 Bxh6+ 29. Qxh6+ Qg7 30. Bxe8 Rxe8 31. Qe3 Ke7 32. Rh5 Rg8 33. Rdh1 Qxg3 34. Rh7+ Ke8 35. Qxg3 Rxg3 36. Rh8+ Kf7 37. R1h7+ Rg7 38. Rxg7+ Kxg7 39. Rd8 Be6 40. dxe6 Kf6 41. Re8 e3 42. Kd1 f4 43. Ke2 e4 44. Rf8+ Kxe6 45. Rxf4 Ke5 46. Kxe3 1-0

[Event "MČR v rapid šachu družstev 2019"]
[Site "Teplice, Czech Republic"]
[Date "2019.09.15"]
[Round "7.16"]
[White "Vavra, Michal"]
[Black "Havranek, Tomas"]
[Result "1/2-1/2"]
[TimeControl "15 min. + 5s"]
[WhiteElo "2028"]
[BlackElo "2023"]

1. Nf3 Nf6 2. c4 b6 3. g3 Bb7 4.
Bg2 c5 5. O-O e6 6. Nc3 Be7 7. e3 O-O 8. d4 cxd4 9. exd4 d5 10. Ne5 Nbd7 11. Bf4 Rc8 12. cxd5 Nxd5 13. Nxd5 Bxd5 14.
Bxd5 1/2-1/2

[Event "MČR v rapid šachu družstev 2019"]
[Site "Teplice, Czech Republic"]
[Date "2019.09.15"]
[Round "7.17"]
[White "Novotny, Michal"]
[Black "Bujak, Michal"]
[Result "1-0"]
[TimeControl "15 min. + 5s"]
[WhiteElo "2311"]
[BlackElo "2170"]

1. d4 Nf6 2. Nf3 e6 3. e3 b6 4. Bd3 Bb7 5. O-O Be7 6. c4 O-O 7. Nc3 d5 8. cxd5 exd5 9. Bd2 Na6 10.
Rc1 c5 11. Ne2 Ne4 12. Ng3 f5 13. Ne5 cxd4 14. exd4 f4 15. Nxe4 dxe4 16. Bc4+ Kh8 17. Qh5 Qd6 18. Rc3 f3 19.
Ra3 g6 20. Qh6 b5 21. Bf7 1-0